 Dungeon Crawl Stone Soup version 0.31-a0-986-g5e6e4ef867 (webtiles) character file.

Game seed: 9344397049578829669

166 horus123 the Shooter (level 5, -1/33 HPs)
             Began as a Deep Elf Hunter on Nov 8, 2023.
             Slain by an orc
             ... wielding a +0 club
              (5 damage)
             ... on level 3 of the Dungeon.
             The game lasted 00:03:59 (2026 turns).

horus123 the Shooter (Deep Elf Hunter)              Turns: 2026, Time: 00:04:00

Health: -1/33      AC: 10    Str:  8    XL:     5   Next: 22%
Magic:  7/7        EV:  8    Int: 14    God:
Gold:   120        SH:  0    Dex: 20    Spells: 4/4 levels left

rFire   . . .        i - +4 mace
rCold   + . .        (no shield)
rNeg    + . .        r - +4 scale mail {rC+}
rPois   .            (no helmet)
rElec   .            (no cloak)
rCorr   .            (no gloves)
SInv    .            (no boots)
Will    .....        (no amulet)
Stlth   +            e - ring of positive energy
HPRegen 0.25/turn    (no ring)
MPRegen 0.10/turn

%: no passive effects
@: no status effects
A: no striking features
a: no special abilities


You were on level 3 of the Dungeon.
You visited 1 branch of the dungeon, and saw 3 of its levels.

You collected 120 gold pieces.

Inventory:

Hand Weapons
 a - a +0 shortbow
 i - a +4 mace (weapon)
 j - a +0 short sword of draining
Missiles
 l - 4 atropa-tipped darts
Armour
 c - a +0 leather armour
 r - a +4 scale mail of cold resistance (worn)
Magical Staves
 f - a staff of poison
 n - a staff of death
Jewellery
 e - a ring of positive energy (left hand)
Scrolls
 b - a scroll of butterflies
 d - 2 scrolls of identify {unknown}
 h - a scroll of brand weapon {unknown}
 q - a scroll of acquirement {unknown}
 s - a scroll of enchant weapon {unknown}
 u - a scroll of teleportation {unknown}
 v - a scroll of poison {unknown}
Potions
 g - a potion of mutation {unknown}
 k - a potion of degeneration {unknown}
 m - a potion of enlightenment {unknown}
 o - a potion of curing {unknown}
 p - 2 potions of attraction {unknown}
 t - a potion of haste {unknown}


   Skills:
 + Level 4.2 Fighting
 - Level 6.0 Ranged Weapons
 - Level 2.4 Dodging
 - Level 1.2 Stealth


You had 4 spell levels left.
You didn't know any spells.
Your spell library contained the following spells:

 Spells                   Type           Power      Damage    Failure   Level
 Dazzling Flash           Conj/Hex       0%         N/A       100%        3
 Volatile Blastmotes      Fire/Tloc      0%         2d10      100%        3
 Starburst                Conj/Fire      0%         6d3       100%        6
 Maxwell's Capacitive Co  Air            0%         ∞         100%        8


Dungeon Overview and Level Annotations

Branches:
Dungeon (3/15)

Altars:
Gozag
Makhleb


Message History

You thump the orc!
The orc is almost dead.
The orc hits you but does no damage.
You sock the orc!
You kill the orc!
You barely miss the orc. The orc hits you but does no damage. x2
You hit the orc.
The orc is severely wounded.
The orc hits you but does no damage.
You barely miss the orc.
The orc is severely wounded.
The orc hits you but does no damage. x2
You barely miss the orc.
The orc is severely wounded.
The orc hits you but does no damage.
You closely miss the orc.
The orc is severely wounded.
The orc hits you with a +2 short sword of protection.
* * * LOW HITPOINT WARNING * * *
You hit the orc.
You kill the orc!
The orc hits you but does no damage.
You hit the orc.
The orc is almost dead.
The orc hits you with a +0 hand axe.
* * * LOW HITPOINT WARNING * * *
You closely miss the orc.
The orc is almost dead.
The orc barely misses you. The orc closely misses you.
You hit the orc.
You kill the orc!
You hit the orc but do no damage. The orc hits you but does no damage.
You barely miss the orc. The orc barely misses you. The orc closely misses you.
You hit the orc.
The orc is moderately wounded.
The orc barely misses you.
You closely miss the orc.
The orc is moderately wounded.
The orc hits you but does no damage. The orc hits you with a +0 club.
You die...

#.#.#.# #.#.#.# #.$$$.#
#.$_$.# #.$$$.# #.....#
###.### #o# #@#########
#.........# #########.# .#
#######.# #.# ####.......#
#.#### ........########
#####....#########...†.......#
....).##.#...# ####.####.###
......##.#.#.## .........#


You could see an orc.

Vanquished Creatures
  Terence (D:2)
  An orc wizard (D:3)
  3 gnolls (D:3)
  2 adders (D:3)
  2 worms
  A dart slug (D:2)
  8 orcs
  9 bats
  4 endoplasms
  A giant cockroach (D:2)
  5 goblins
  A hobgoblin (D:2)
  4 quokkas
  3 ball pythons
  5 frilled lizards
  2 kobolds
  4 rats
56 creatures vanquished.

Notes
Turn   | Place    | Note
-------+----------+-------------------------------------------
     0 | D:1      | horus123 the Deep Elf Hunter began the quest for the Orb.
     0 | D:1      | Reached XP level 1. HP: 12/12 MP: 3/3
    84 | D:1      | Found a faded altar of an unknown god.
   111 | D:1      | Reached skill level 6 in Ranged Weapons
   111 | D:1      | Reached XP level 2. HP: 16/16 MP: 4/4
   790 | D:2      | Reached XP level 3. HP: 22/22 MP: 5/5
   915 | D:2      | Noticed Terence
   927 | D:2      | Killed Terence
  1282 | D:2      | Reached XP level 4. HP: 28/28 MP: 6/6
  1420 | D:3      | Found a burning altar of Makhleb.
  1971 | D:3      | Found an opulent altar of Gozag.
  1995 | D:3      | Reached XP level 5. HP: 19/33 MP: 7/7
  2026 | D:3      | Slain by an orc

Illustrated notes

Levels and vault maps discovered:
D:1:      wander_arrival_peaceful_grave, layout_basic,
          shapermc_ecumenical_altar_acropolis
D:2:      layout_loops_ring, uniq_terence
D:3:      layout_basic, nicolae_gozag_seed_capital,
          nicolae_hepliaklqana_hippocampus, lemuel_tele_altar, uniq_sigmund

Skill      XL: |  1  2  3  4 |
---------------+-------------+-----
Ranged Weapons | 6 |  6.0
Fighting       | 2 3 4 |  4.2
Dodging        | |  2.4
Stealth        | |  1.2

Action                     |  1- 3 |  4- 6 || total
---------------------------+-------+-------++-------
  Melee: Short sword       |       |    19 ||    19
         Mace              |       |    17 ||    17
   Fire: Shortbow          |    96 |    45 ||   141
 Armour: Leather armour    |    15 |       ||    15
         Scale mail        |       |    45 ||    45
  Dodge: Dodged            |    22 |    23 ||    45

Table legend: (Time is in decaauts)
 A = Elapsed time spent in this place.
 B = Non-inter-level travel time spent in this place.
 C = Inter-level travel time spent in this place.
 D = Time resting spent in this place.
 E = Time spent auto-exploring this place.
 F = Levels seen in this place.
 G = Mean time per level.
                   A        B        C        D        E       F      G
               +--------+--------+--------+--------+--------+-----+--------+
         Total |   2068 |   1990 |     78 |    193 |   1432 |   3 |  689.3 |
       Dungeon |   2068 |   1990 |     78 |    193 |   1432 |   3 |  689.3 |
               +--------+--------+--------+--------+--------+-----+--------+

Top non-repeatable levels by time:
     D:2: 740 daAuts
     D:1: 689 daAuts
     D:3: 638 daAuts
